 Dungeon Crawl Stone Soup version 0.28-a0-1002-gf00fe891ef (webtiles) character file.

Game seed: 2065762072378976328

175 Umoon the Ducker (level 5, -3/41 HPs)
             Began as a Demonspawn Gladiator on Dec 6, 2021.
             Slain by a gnoll (5 damage)
             ... on level 3 of the Dungeon.
             The game lasted 00:03:26 (2878 turns).

Umoon the Ducker (Demonspawn Gladiator)             Turns: 2878, Time: 00:03:26

Health: -3/41      AC:  4    Str: 17    XL:     5   Next: 29%
Magic:  5/5        EV: 13    Int:  9    God:
Gold:   129        SH:  0    Dex: 14    Spells: 4/4 levels left

rFire   . . .      SeeInvis .   a - +0 rapier
rCold   . . .      Faith    .   (no shield)
rNeg    . . .      Spirit   .   b - +0 leather armour
rPois   .          Reflect  .   c - +0 helmet
rElec   .          Harm     .   (no cloak)
rCorr   .          Rampage  .   (no gloves)
Will    .....                   (no boots)
Stlth   +.........              (no amulet)
HPRegen 0.13/turn               (no ring)
MPRegen 0.09/turn               (no ring)

@: no status effects
A: foul stench 1, demonic touch 2
a: no special abilities


You were on level 3 of the Dungeon.
You visited 1 branch of the dungeon, and saw 3 of its levels.

You collected 129 gold pieces.

Inventory:

Hand Weapons
 a - a +0 rapier (weapon)
Missiles
 d - 3 throwing nets (quivered)
Armour
 b - a +0 leather armour (worn)
 c - a +0 helmet (worn)
Scrolls
 i - a scroll of brand weapon {unknown}
 k - a scroll of identify {unknown}
 l - a scroll of teleportation {unknown}
 n - a scroll of noise {unknown}
 o - a scroll of fear {unknown}
Potions
 e - 2 potions of mutation {unknown}
 f - 2 potions of attraction {unknown}
 g - a potion of flight {unknown}
 h - 2 potions of brilliance {unknown}
 j - a potion of haste {unknown}
 m - a potion of might {unknown}
 p - a potion of lignification {unknown}


   Skills:
 + Level 3.3 Fighting
 - Level 2.6 Short Blades
 - Level 1.7 Throwing
 + Level 2.2 Armour
 + Level 3.6 Dodging
 + Level 1.6 Unarmed Combat


You had 4 spell levels left.
You didn't know any spells.
Your spell library contained the following spells:

 Spells                   Type           Power      Damage    Failure   Level
 Beastly Appendage        Tmut           0%         N/A       43%         1
 Wereblood                Tmut           0%         N/A       58%         2
 Spider Form              Tmut/Pois      0%         N/A       82%         3


Dungeon Overview and Level Annotations

Branches:
Dungeon (3/15)

Altars:

Shops:
D:1 :[


Innate Abilities, Weirdness & Mutations

You may rarely emit foul miasma when damaged in melee.
Your touch may inflict irresistible damage on your foes.


Message History

You are too injured to fight recklessly!
You are too injured to fight recklessly!
You are too injured to fight recklessly!
You are too injured to fight recklessly!
You are too injured to fight recklessly!
Unknown command.
You hit the gnoll but do no damage.
The gnoll is almost dead.
The gnoll hits you with a +0 club.
The gnoll is engulfed in dark miasma.
The gnoll is poisoned.
The gnoll seems to slow down.
The gnoll hits you with a +0 club.
* * * LOW HITPOINT WARNING * * *
The gnoll hits you from afar with a +0 spear.
* * * LOW HITPOINT WARNING * * *
The gnoll is engulfed in dark miasma.
The gnoll looks even sicker.
You hit the gnoll but do no damage.
The gnoll is almost dead.
The gnoll hits you with a +0 club.
* * * LOW HITPOINT WARNING * * *
The gnoll barely misses you.
Unknown command.
You feel a bit more experienced.
You puncture the gnoll!
You kill the gnoll!
The gnoll hits you from afar with a +0 spear.
* * * LOW HITPOINT WARNING * * *
A goblin comes into view. It is wielding a +0 club.
Found a club.
The goblin shouts!
The goblin hits you with a +0 club.
* * * LOW HITPOINT WARNING * * *
You emit a cloud of foul miasma!
The goblin is engulfed in dark miasma.
The goblin is poisoned.
The goblin seems to slow down.
Found an escape hatch in the floor.
You kill the goblin!
The gnoll hits you from afar with a +0 spear.
* * * LOW HITPOINT WARNING * * *
The gnoll hits you from afar with a +0 spear.
You die...

######.......#####.##....#
...................##..#.#
#########.....g....##.. .#
# ##..####..###.# .# #
#........# #. .. #
#.#.#.#########.# #
#.>#.g○.......... #
#.#.#.......... #
#......@)#### # ########.#
.# .# .# ### .# #.. .#
#..# #.# ## #..# #.# #..#


You could see a gnoll.

Vanquished Creatures
  A howler monkey (D:3)
  An orc priest (D:3)
  2 gnolls (D:3)
  An adder (D:3)
  A worm (D:2)
  A dart slug (D:1)
  5 orcs (D:3)
  6 endoplasms
  3 giant cockroaches (D:1)
  6 goblins
  7 hobgoblins
  4 jackals (D:3)
  4 kobolds
  4 quokkas
  8 ball pythons
  2 bats
  2 frilled lizards (D:2)
  5 rats
  A spectral goblin (D:1)
64 creatures vanquished.

Notes
Turn   | Place    | Note
-------+----------+-------------------------------------------
     0 | D:1      | Umoon the Demonspawn Gladiator began the quest for the Orb.
     0 | D:1      | Reached XP level 1. HP: 16/16 MP: 1/1
    56 | D:1      | Found Bipappig's Book Shop.
    96 | D:1      | Found Paful's Antique Armour Shop.
   249 | D:1      | Gained mutation: Your touch may inflict minor irresistible
                  | damage on your foes. [demonic ancestry]
   249 | D:1      | Reached XP level 2. HP: 15/22 MP: 2/2
   668 | D:1      | Reached skill level 1 in Armour
   898 | D:1      | Found a faded altar of an unknown god.
   976 | D:1      | Gained mutation: Your touch may inflict irresistible damage
                  | on your foes. [demonic ancestry]
   976 | D:1      | Reached XP level 3. HP: 28/28 MP: 3/3
  2131 | D:3      | Gained mutation: You may rarely emit foul miasma when
                  | damaged in melee. [demonic ancestry]
  2131 | D:3      | Reached XP level 4. HP: 34/34 MP: 4/4
  2342 | D:3      | Reached skill level 1 in Unarmed Combat
  2573 | D:3      | Reached XP level 5. HP: 35/41 MP: 5/5
  2877 | D:3      | HP: 2/41 [gnoll (2)]
  2878 | D:3      | Slain by a gnoll

Illustrated notes

Levels and vault maps discovered:
D:1:      scummos_arrival_checkerplants, layout_loops_corners,
          dreamdust_ecumenical_altar_drowned_temple, serial_shops, shop, shop,
          minmay_worlds_worst_comb
D:2:      minmay_spotlight, layout_loops_ring, grunt_decor_junction
D:3:      layout_loops_ring, hangedman_decor_lopped, uniq_terence

Skill      XL: |  1  2  3  4 |
---------------+-------------+-----
Armour         | 1 2 |  2.2
Dodging        | 3 |  3.6
Fighting       | 3 |  3.3
Unarmed Combat | 1 |  1.6
Short Blades   | |  2.6
Throwing       | |  1.7

Action                   |  1- 3 |  4- 6 || total
-------------------------+-------+-------++-------
Melee: Rapier            |   119 |    49 ||   168
       Touch             |    20 |    11 ||    31
       Unarmed           |    10 |       ||    10
 Stab: Sleeping          |     1 |       ||     1
Armor: Leather armour    |    49 |     6 ||    55
Dodge: Dodged            |    97 |    25 ||   122

Table legend: (Time is in decaauts)
 A = Elapsed time spent in this place.
 B = Non-inter-level travel time spent in this place.
 C = Inter-level travel time spent in this place.
 D = Time resting spent in this place.
 E = Time spent auto-exploring this place.
 F = Levels seen in this place.
 G = Mean time per level.
                   A        B        C        D        E       F      G
               +--------+--------+--------+--------+--------+-----+--------+
         Total |   2890 |   2799 |     91 |    212 |   2132 |   3 |  963.3 |
       Dungeon |   2890 |   2799 |     91 |    212 |   2132 |   3 |  963.3 |
               +--------+--------+--------+--------+--------+-----+--------+

Top non-repeatable levels by time:
     D:1: 1263 daAuts
     D:3: 825 daAuts
     D:2: 801 daAuts
